 Dungeon Crawl Stone Soup version 0.30-a0-726-gd89dcf765f (webtiles) character file.

Game seed: 11799398974882808406

44 porpoise the Shooter (level 3, -7/29 HPs)
             Began as a Barachi Hunter on Jan 30, 2023.
             Killed from afar by Jessica (8 damage)
             ... with a puff of flame
             ... on level 2 of the Dungeon.
             The game lasted 00:03:09 (766 turns).

porpoise the Shooter (Barachi Hunter)                Turns: 766, Time: 00:03:09

Health: -7/29      AC:  5    Str: 12    XL:     3   Next: 62%
Magic:  3/3        EV: 11    Int:  9    God:
Gold:   42         SH:  0    Dex: 20    Spells: 2/2 levels left

rFire   . . .      SeeInvis .    b - +0 spear of Lusyng {flame, rElec Dex+3}
rCold   . . .      Faith    .    (no shield)
rNeg    . . .      Spirit   .    l - +0 ring mail
rPois   .          Reflect  .    (no helmet)
rElec   +          Harm     .    (no cloak)
rCorr   .          Rampage  .    (no gloves)
Will    .....                    (no boots)
Stlth   +                        (no amulet)
HPRegen 0.24/turn                (no ring)
MPRegen 0.08/turn                (no ring)

@: slow
A: amphibious, slowness 1, strong legs 1, +LOS
a: Hop


You were on level 2 of the Dungeon.
You visited 1 branch of the dungeon, and saw 2 of its levels.

You collected 42 gold pieces.

Inventory:

Hand Weapons
 a - a +0 shortbow
 b - the +0 spear of Lusyng (weapon) {flame, rElec Dex+3}
   (You took it off a kobold on level 2 of the Dungeon)

   Dex:       It affects your dexterity (+3).
   rElec:     It insulates you from electricity.
Armour
 l - a +0 ring mail (worn)
Jewellery
 o - a +6 ring of dexterity
Scrolls
 c - a scroll of amnesia {unknown}
 e - a scroll of immolation
 f - a scroll of identify {unknown}
 g - a scroll of magic mapping {unknown}
 h - a scroll of blinking {unknown}
 j - a scroll of enchant weapon {unknown}
 m - a scroll of brand weapon {unknown}
 n - a scroll of teleportation {unknown}
Potions
 d - a potion of berserk rage {unknown}
 i - a potion of flight {unknown}
 k - 2 potions of curing {unknown}


   Skills:
 + Level 3.3 Fighting
 * Level 4.9 Ranged Weapons
 - Level 2.1 Dodging
 - Level 0.8 Stealth


You had 2 spell levels left.
You didn't know any spells.
Your spell library was empty.

Dungeon Overview and Level Annotations

Branches:
Dungeon (2/15)

Altars:

Annotations:
D:2 Jessica


Innate Abilities, Weirdness & Mutations

You are amphibious.
You cover ground slowly.
You can hop short distances.
You have an extended range of vision and can be seen from far away.


Message History

Fire: a) +0 shortbow
Press: ? - help, Q - select action, (/) - cycle Shift-Dir - straight line, f/p - Jessica
Aim: Jessica, wielding a +0 club, wearing a +0 robe and carrying a wand of flame (10) (heavily wounded, fast, 63% to hit)
You shoot an arrow.
The arrow hits Jessica but does no damage.
Jessica is heavily wounded.
Jessica mumbles some strange words.
Jessica blinks!
You feel agile.
The +0 spear of Lusyng {flame, rElec Dex+3} bursts into flame!
b - the +0 spear of Lusyng (weapon)
{flame, rElec Dex+3} The kobold misses you.
You hit Jessica. You burn Jessica.
Jessica is almost dead.
Jessica hits you but does no damage.
The kobold hits you with a +0 short sword.
You are too injured to fight recklessly!
You are too injured to fight recklessly!
You are too injured to fight recklessly!
You are too injured to fight recklessly!
You closely miss Jessica.
Jessica is almost dead.
Jessica zaps a wand.
The puff of flame hits you. Jessica misses you. The kobold barely misses you.
You hit Jessica but do no damage.
Jessica is almost dead.
Jessica mumbles something strange.
Jessica casts a spell.
Jessica blinks!
The kobold hits you with a +0 short sword.
Jessica mumbles some strange words.
Jessica blinks!
You hit the kobold but do no damage. The kobold hits you but does no damage.
You miss the kobold. The kobold hits you but does no damage.
You completely miss the kobold. The kobold barely misses you.
Jessica zaps a wand.
The puff of flame hits you!
* * * LOW HITPOINT WARNING * * *
You hit the kobold but do no damage. The kobold barely misses you.
Jessica zaps a wand.
The puff of flame hits you!
You die...

#.#.... ##.#....###
#.........# ######
...... ... ......# #
..... ..###.....##
#.##...##@.........#
##..................#
.......)##.##......#
## #..K@........# #.
#.###.##.##.#.#. #
#>##.##.# .#
#.##.##)##.#
#.##....)..# ###
#.##..###..# #..
#.##..# #..# #.#
......###..# ##.#
#.###......###...


You could see Jessica (fast) and a kobold.

Vanquished Creatures
  A hound zombie (D:2)
  2 dart slugs (D:1)
  3 ball pythons
  3 bats
  A bat zombie (D:2)
  A giant cockroach (D:1)
  2 goblins
  2 hobgoblins (D:1)
  6 kobolds
  A quokka (D:1)
  3 rats
25 creatures vanquished.

Vanquished Creatures (others)
  2 withered plants (D:2)
2 creatures vanquished.

Grand Total: 27 creatures vanquished

Notes
Turn   | Place    | Note
-------+----------+-------------------------------------------
     0 | D:1      | porpoise the Barachi Hunter began the quest for the Orb.
     0 | D:1      | Reached XP level 1. HP: 17/17 MP: 1/1
    70 | D:1      | Reached XP level 2. HP: 21/23 MP: 2/2
   476 | D:2      | Reached XP level 3. HP: 29/29 MP: 3/3
   616 | D:2      | Identified the +0 spear of Lusyng {flame, rElec Dex+3}
   745 | D:2      | Noticed Jessica
   765 | D:2      | HP: 1/29 [Jessica/puff of flame (10)]
   766 | D:2      | Killed from afar by Jessica

Illustrated notes

Levels and vault maps discovered:
D:1:      lightli_arrival_windingriver, layout_basic
D:2:      layout_loops_ring, serial_undead, serial_undead_b, serial_undead_f,
          serial_undead_f, serial_undead_a, basic_altar, serial_shops, shop,
          chequers_mini_garden, uniq_jessica

Skill      XL: |  1  2 |
---------------+-------+-----
Fighting       | 3 |  3.3
Ranged Weapons | |  4.9
Dodging        | |  2.1
Stealth        | |  0.8

Action                     || total
---------------------------++-------
  Melee: Spear             ||     7
   Fire: Shortbow          ||    77
 Armour: Ring mail         ||    30
         Leather armour    ||     2
  Dodge: Dodged            ||    29

Table legend: (Time is in decaauts)
 A = Elapsed time spent in this place.
 B = Non-inter-level travel time spent in this place.
 C = Inter-level travel time spent in this place.
 D = Time resting spent in this place.
 E = Time spent auto-exploring this place.
 F = Levels seen in this place.
 G = Mean time per level.
                   A        B        C        D        E       F      G
               +--------+--------+--------+--------+--------+-----+--------+
         Total |    881 |    870 |     11 |    201 |    475 |   2 |  440.5 |
       Dungeon |    881 |    870 |     11 |    201 |    475 |   2 |  440.5 |
               +--------+--------+--------+--------+--------+-----+--------+

Top non-repeatable levels by time:
     D:1: 451 daAuts
     D:2: 429 daAuts
